 Dungeon Crawl Stone Soup version 0.25-a0-339-gb37b713d4c (webtiles) character file.

Game seed: 14969075990969137067, levelgen mode: deterministic

3640 pk666 the Thaumaturge (level 9, -1/45 HPs)
             Began as a Deep Elf Wizard on Dec 28, 2019.
             Was an Initiate of Vehumet.
             Shot with an arrow by a centaur (15 damage)
             ... on level 7 of the Dungeon.
             The game lasted 00:19:33 (9993 turns).

pk666 the Thaumaturge (Deep Elf Wizard)             Turns: 9993, Time: 00:19:33

Health: -1/45      AC:  0    Str:  4    XL:     9   Next: 87%
Magic:  12/25      EV: 16    Int: 27    God:    Vehumet [......]
Gold:   384        SH:  0    Dex: 13    Spells: 20/29 levels left

rFire    + . .     SeeInvis .   l - +0 dagger
rCold    . . .     Gourm    .   (no shield)
rNeg     . . .     Faith    .   a - +0 robe
rPois    .         Spirit   .   t - +1 hat
rElec    .         Reflect  .   B - +0 cloak
rCorr    .         Harm     .   (no gloves)
MR       .....                  (no boots)
Stlth    ++........             e - amulet of regeneration
HPRegen  0.55/turn              w - ring of protection from fire
MPRegen  0.19/turn              (no ring)

@: corroded
A: no striking features
a: Renounce Religion


You were on level 7 of the Dungeon.
You worshipped Vehumet.
Vehumet was noncommittal.
You were very hungry.

You visited 2 branches of the dungeon, and saw 8 of its levels.

You collected 384 gold pieces.

Inventory:

Hand Weapons
 l - a +0 dagger (weapon)
Armour
 a - a +0 robe (worn)
 t - a +1 hat (worn)
 B - a +0 cloak (worn)
Jewellery
 e - an amulet of regeneration (around neck)
 w - a ring of protection from fire (left hand)
Wands
 b - a wand of flame (34)
 n - a wand of polymorph (8)
 x - a wand of digging (3)
Scrolls
 g - 7 scrolls of identify {unknown}
 k - 10 scrolls of remove curse {unknown}
 o - a scroll of enchant armour {unknown}
 p - a scroll of noise {unknown}
 q - 3 scrolls of immolation {unknown}
 s - 2 scrolls of magic mapping {unknown}
 v - 2 scrolls of teleportation {unknown}
 y - 2 scrolls of amnesia {unknown}
 A - a scroll of fear {unknown}
Potions
 c - 3 potions of curing {unknown}
 f - 4 potions of heal wounds {unknown}
 h - a potion of resistance
 i - a potion of brilliance {unknown}
 j - a potion of ambrosia {unknown}
 m - 3 potions of flight {unknown}
 r - 2 potions of might {unknown}
 u - a potion of haste {unknown}
 z - a potion of lignification {unknown}
Comestibles
 d - 10 rations


   Skills:
 + Level 6.7 Dodging
 - Level 2.4 Stealth
 + Level 10.6 Spellcasting
 + Level 8.2 Conjurations
   Level 1.1 Summonings
 - Level 1.1 Translocations
 + Level 7.8 Fire Magic
 - Level 2.1 Air Magic
 - Level 2.2 Poison Magic


You had 20 spell levels left.
You knew the following spells:

 Your Spells              Type           Power        Failure   Level  Hunger
a - Magic Dart            Conj           ####         1%          1    None
b - Blink                 Tloc           N/A          3%          2    None
c - Conjure Flame         Conj/Fire      ######..     1%          3    None
d - Mephitic Cloud        Conj/Pois/Air  #####...     2%          3    None

Your spell library contained the following spells:

 Spells                   Type           Power        Failure   Level  Hunger
 Call Imp                 Summ           ###.....     3%          2    None
 Confusing Touch          Hex            ##....       4%          1    None
 Slow                     Hex            ##......     6%          2    None
 Gell's Gravitas          Tloc           ###.......   8%          3    None
 Confuse                  Hex            ##......     12%         3    None
 Petrify                  Tmut/Erth      ##......     38%         4    None
 Metabolic Englaciation   Hex/Ice        ##........   75%         5    ###....
 Yara's Violent Unravell  Hex/Tmut       ##........   75%         5    ###....


Dungeon Overview and Level Annotations

Branches:
Dungeon (7/15)             Temple (1/1) D:7

Altars:
Ashenzari
Cheibriados
Dithmenos
Elyvilon
Fedhas
Gozag
Hepliaklqana
Kikubaaqudgha
Nemelex Xobeh
Okawaru
Qazlal
Ru
Sif Muna
Trog
Vehumet
Wu Jian
Xom
Yredelemnul
Zin
The Shining One


Message History

You don't know that spell.
Casting: Magic Dart (safe; 1% risk of failure)
Confirm with . or Enter, or press ? or * to list all spells.
You don't know that spell.
The rust devil closely misses you.
The centaur shoots an arrow.
The arrow misses you.
Casting: Magic Dart (safe; 1% risk of failure)
Confirm with . or Enter, or press ? or * to list all spells.
You blink.
The centaur unwields a +0 shortbow.
The centaur wields a +0 battleaxe.
The centaur misses you. The rust devil misses you.
Casting: Blink (safe; 3% risk of failure)
Confirm with . or Enter, or press ? or * to list all spells.
You blink.
The centaur barely misses you.
The centaur unwields a +0 battleaxe.
The centaur wields a +0 shortbow.
The centaur shoots an arrow.
The arrow closely misses you.
The centaur shoots an arrow.
The arrow hits you!
A jelly comes into view.
The centaur shoots an arrow.
The arrow hits you!
You die...

# #.# ##############
#..J#######...#.........
#........c..........>##
.##..@.Y4.(<(######.##
#.##..#.......[....#
......###.##.#####..#
#........#..##.# #..#
#.. ....#...###.# #...
#. ....#### ># #..# #
....# . #..# ..... #.
#... #. #.##


You could see a rust devil, a sky beast, a centaur and a jelly (wandering).

Vanquished Creatures
  A two-headed ogre (D:6)
  Pikel (D:6)
  Prince Ribbit (D:7)
  2 sky beasts
  An orc warrior (D:7)
  A slave (D:6)
  An ice beast (D:6)
  A necrophage (D:6)
  2 ogres
  3 phantoms
  A centaur (D:5)
  2 bullfrogs
  2 scorpions
  2 killer bees (D:6)
  8 wights
  A crimson imp (D:6)
  A jelly (D:7)
  2 orc wizards
  Crazy Yiuf (D:6)
  An orc priest (D:5)
  A bullfrog skeleton (D:4)
  Terence (D:2)
  2 iguanas (D:6)
  4 worker ants
  A hound skeleton (D:7)
  A howler monkey skeleton (D:4)
  9 adders
  7 gnolls
  A shadow imp (D:6)
  An ooze (D:4)
  An adder skeleton (D:5)
  An adder zombie (D:7)
  2 worms (D:2)
  2 dart slugs
  5 leopard geckos
  21 orcs
  3 giant cockroaches
  6 goblins
  11 hobgoblins
  25 jackals
  8 kobolds
  9 quokkas
  8 bats
  5 frilled lizards
  A leopard gecko skeleton (D:4)
  9 rats
180 creatures vanquished.

Vanquished Creatures (others)
  A worker ant (D:6)
1 creature vanquished.

Grand Total: 181 creatures vanquished

Notes
Turn   | Place    | Note
-------+----------+-------------------------------------------
     0 | D:1      | pk666 the Deep Elf Wizard began the quest for the Orb.
     0 | D:1      | Reached XP level 1. HP: 10/10 MP: 7/7
   196 | D:1      | Reached XP level 2. HP: 15/15 MP: 5/9
  1104 | D:1      | Reached XP level 3. HP: 19/19 MP: 1/11
  1108 | D:1      | Learned a level 2 spell: Blink
  1112 | D:1      | Learned a level 3 spell: Conjure Flame
  1116 | D:1      | Learned a level 3 spell: Mephitic Cloud
  1405 | D:2      | Reached skill level 5 in Spellcasting
  1506 | D:2      | Noticed Terence
  2058 | D:2      | Found a faded altar of an unknown god.
  2244 | D:2      | Reached XP level 4. HP: 24/24 MP: 4/13
  2307 | D:2      | Found a sparkling altar of Nemelex Xobeh.
  2401 | D:2      | Found a snail-covered altar of Cheibriados.
  2653 | D:2      | Killed Terence
  2653 | D:2      | Reached skill level 1 in Fire Magic
  2653 | D:2      | Reached skill level 1 in Air Magic
  2653 | D:2      | Reached skill level 1 in Poison Magic
  3151 | D:3      | Reached XP level 5. HP: 19/28 MP: 4/14
  4562 | D:4      | Noticed an ogre
  4576 | D:4      | Killed an ogre
  4576 | D:4      | Reached XP level 6. HP: 32/32 MP: 2/16
  4735 | D:4      | Reached skill level 6 in Spellcasting
  5088 | D:4      | Found a shimmering altar of Xom.
  5466 | D:5      | Entered Level 5 of the Dungeon
  5642 | D:5      | Reached XP level 7. HP: 36/36 MP: 12/19
  5812 | D:4      | HP: 1/36 [phantom (8)]
  5826 | D:4      | Reached skill level 7 in Spellcasting
  6073 | D:5      | Reached skill level 5 in Conjurations
  6373 | D:5      | Found a basalt altar of Yredelemnul.
  6396 | D:5      | Reached XP level 8. HP: 30/41 MP: 12/21
  6401 | D:5      | Reached skill level 8 in Spellcasting
  6401 | D:5      | Reached skill level 5 in Fire Magic
  6873 | D:5      | Found a hazy altar of Hepliaklqana.
  7771 | D:6      | Noticed a two-headed ogre
  7783 | D:6      | Killed a two-headed ogre
  7783 | D:6      | Reached skill level 9 in Spellcasting
  7783 | D:6      | Reached XP level 9. HP: 26/45 MP: 11/24
  8027 | D:6      | Noticed Pikel
  8043 | D:6      | Killed Pikel
  8043 | D:6      | Reached skill level 5 in Dodging
  8425 | D:6      | Reached skill level 10 in Spellcasting
  8622 | D:6      | Found a runed translucent door.
  8623 | D:6      | Noticed Crazy Yiuf
  8810 | D:6      | Killed Crazy Yiuf
  9110 | D:7      | Found a radiant altar of Vehumet.
  9179 | D:7      | Became a worshipper of Vehumet
  9295 | D:7      | Found a staircase to the Ecumenical Temple.
  9321 | Temple   | Entered the Ecumenical Temple
  9881 | D:7      | Noticed Prince Ribbit
  9897 | D:7      | Killed Prince Ribbit
  9986 | D:6      | Noticed a rust devil
  9986 | D:6      | Noticed a rust devil
  9993 | D:7      | Shot with an arrow by a centaur

Levels and vault maps discovered:
D:1:      co_arrival_random_square_maze, layout_basic, minmay_vboxes
D:2:      layout_basic, lemuel_coloured_pillars_altar,
          chequers_ecumenical_altar_simple, nemelex_xobeh_ov_fountains_minmay,
          uniq_terence
D:3:      layout_loops_ring
D:4:      layout_loops_ring, tgw_xom
D:5:      layout_cave_pools, kennysheep_little_box, first_ration, basic_altar
D:6:      cheibrodos_iron_armory, layout_loops_ring, uniq_pikel,
          uniq_crazy_yiuf_cottage
D:7:      layout_loops_ring, amethyst_overflow_temple_binary,
          vehumet_altar_wand_db, minmay_temple_entry_ruins, basic_altar,
          ebering_ghost_reflecting_pool, minmay_fractal_squares_diagonal_5,
          uniq_prince_ribbit1
Temple:   nicolae_temple_great_sept

Skill      XL: |  1  2  3  4  5  6  7  8  9 |
---------------+----------------------------+-----
Dodging        | 3 4 6 |  6.7
Conjurations   | 2 3 4 5 7 8 |  8.2
Spellcasting   | 5 6 7 9 10 | 10.6
Fire Magic     | 1 2 3 4 6 7 |  7.8
Air Magic      | 1 2 |  2.1
Poison Magic   | 1 2 |  2.2
Stealth        | |  2.4
Summonings     | |  1.1
Translocations | |  1.1

Action                   |  1- 3 |  4- 6 |  7- 9 || total
-------------------------+-------+-------+-------++-------
Melee: Dagger            |       |     3 |       ||     3
 Cast: Magic Dart        |   138 |   192 |   378 ||   708
       Conjure Flame     |     2 |     6 |    23 ||    31
       Mephitic Cloud    |       |     7 |     6 ||    13
       Blink             |       |       |     5 ||     5
  Eat: Chunk             |     3 |    11 |    12 ||    26
Armor: Robe              |    12 |    21 |     6 ||    39
Dodge: Dodged            |    34 |    77 |    86 ||   197

Table legend:
 A = Non-vault XP
 B = Vault XP
 C = Vault XP percentage of total XP
 D = Non-vault monster count
 E = Vault monster count
 F = Vault count percentage of total count
                 A         B        C        D         E       F
            +---------+---------+-------+---------+---------+-------
      Total |    4156 |    1044 |  20.1 |     162 |      17 |   9.5
            +---------+---------+-------+---------+---------+-------
        D:1 |      33 |      12 |  26.7 |      21 |       7 |  25.0
        D:2 |      96 |      36 |  27.3 |      27 |       1 |   3.6
        D:3 |     130 |       0 |   0.0 |      25 |       0 |   0.0
        D:4 |     427 |       5 |   1.2 |      22 |       3 |  12.0
        D:5 |     808 |       0 |   0.0 |      22 |       0 |   0.0
        D:6 |    1824 |     682 |  27.2 |      27 |       2 |   6.9
        D:7 |     838 |     309 |  26.9 |      18 |       4 |  18.2
            +---------+---------+-------+---------+---------+-------
